 Dungeon Crawl Stone Soup version 0.32-a0-837-g8d3e27d251 (webtiles) character file.

Game seed: 10495849716300965394

16 Essalna the Digger (level 2, 0/20 HPs)
             Began as a Demonspawn Earth Elementalist on Mar 26, 2024.
             Slain by a frilled lizard (1 damage)
             ... on level 2 of the Dungeon.
             The game lasted 00:00:42 (439 turns).

Essalna the Digger (Demonspawn Earth Elementalist)   Turns: 439, Time: 00:00:43

Health: 0/20       AC:  3    Str:  8    XL:     2   Next: 41%
Magic:  5/5        EV: 11    Int: 15    God:
Gold:   10         SH:  0    Dex: 13    Spells: 4/5 levels left

rFire   . . .        c - +0 dagger
rCold   . . .        (no shield)
rNeg    . . .        a - +0 robe
rPois   .            (helmet restricted)
rElec   .            (no cloak)
rCorr   .            e - +0 pair of gloves
SInv    .            (no boots)
Will    .....        (no amulet)
Stlth   ++           (no ring)
HPRegen 0.23/turn    (no ring)
MPRegen 0.09/turn

%: no passive effects
@: no status effects
A: horns 1
a: no special abilities


You were on level 2 of the Dungeon.
You visited 1 branch of the dungeon, and saw 2 of its levels.

You collected 10 gold pieces.

Inventory:

Hand Weapons
 c - a +0 dagger (weapon)
Armour
 a - a +0 robe (worn)
 e - a +0 pair of gloves (worn)
Scrolls
 d - 2 scrolls of poison {unknown}
 f - a scroll of noise {unknown}
Potions
 b - a potion of magic


   Skills:
 + Level 0.8 Fighting
 - Level 1.7 Dodging
 - Level 1.7 Stealth
 + Level 2.2 Spellcasting
 + Level 1.4 Conjurations
 + Level 2.9 Earth Magic


You had 4 spell levels left.
You knew the following spells:

 Your Spells              Type           Power      Damage    Failure   Level
a - Sandblast             Erth           20%        2d7       6%          1

Your spell library contained the following spells:

 Spells                   Type           Power      Damage    Failure   Level
 Passwall                 Erth           10%        N/A       19%         3
 Stone Arrow              Conj/Erth      16%        3d8       26%         3
 Brom's Barrelling Bould  Conj/Erth      8%         2d3       65%         4
 Petrify                  Alch/Erth      6%         N/A       75%         4


Dungeon Overview and Level Annotations

Branches:
Dungeon (2/15)

Altars:


Innate Abilities, Weirdness & Mutations

You have a pair of small horns on your head.


Message History

The frilled lizard barely misses you. The frilled lizard closely misses you.
The frilled lizard bites you but does no damage.
The frilled lizard closely misses you. The frilled lizard barely misses you.
The frilled lizard misses you.
The frilled lizard bites you but does no damage.
The frilled lizard barely misses you. The frilled lizard barely misses you.
The frilled lizard bites you. The frilled lizard closely misses you.
The frilled lizard misses you.
The frilled lizard closely misses you. x2
The frilled lizard bites you but does no damage.
The frilled lizard barely misses you.
The frilled lizard completely misses you.
The frilled lizard barely misses you.
The frilled lizard completely misses you.
The frilled lizard bites you.
The frilled lizard bites you but does no damage.
The frilled lizard barely misses you.
The frilled lizard bites you but does no damage.
The frilled lizard barely misses you. The frilled lizard bites you.
The frilled lizard misses you. The frilled lizard bites you.
The frilled lizard barely misses you.
The frilled lizard bites you but does no damage. x2
The frilled lizard barely misses you.
The frilled lizard bites you but does no damage.
The frilled lizard bites you.
* * * LOW HITPOINT WARNING * * *
The frilled lizard misses you.
The frilled lizard bites you but does no damage.
The frilled lizard completely misses you.
The frilled lizard barely misses you. The frilled lizard bites you.
* * * LOW HITPOINT WARNING * * *
The frilled lizard bites you.
* * * LOW HITPOINT WARNING * * *
The frilled lizard bites you but does no damage.
The frilled lizard bites you.
* * * LOW HITPOINT WARNING * * *
The frilled lizard barely misses you. The frilled lizard barely misses you.
The frilled lizard closely misses you. The frilled lizard misses you.
The frilled lizard bites you.
You die...

####### ..##.# #.
..##.####. #....#....
###############.####.###
#........$..##..#......#
#...........#...#.#.##.#
#...........#.......# .#
#..........##.#.#......#
#......@......#....#####
#.....ll....#####....
#.................####
#..........######..
#..........+ ...#
#..........# ##.
#....##....# ###..
#.##.# #.. .[##.#


You could see 2 frilled lizards.

Vanquished Creatures
  An adder (D:2)
  A goblin (D:2)
  A kobold (D:1)
  2 ball pythons
  2 frilled lizards
  2 rats
9 creatures vanquished.

Notes
Turn   | Place    | Note
-------+----------+-------------------------------------------
     0 | D:1      | Essalna the Demonspawn Earth Elementalist began the quest
                  | for the Orb.
     0 | D:1      | Reached XP level 1. HP: 13/13 MP: 3/3
   160 | D:1      | You fall into a shaft and drop 1 floor!
   359 | D:2      | Gained mutation: You have a pair of small horns on your
                  | head. [demonic ancestry]
   359 | D:2      | Reached XP level 2. HP: 20/20 MP: 0/5
   436 | D:2      | HP: 1/20 [frilled lizard (2)]
   439 | D:2      | Slain by a frilled lizard

Illustrated notes

Levels and vault maps discovered:
D:1:      lightli_arrival_statue_moat, layout_basic
D:2:      layout_basic, minmay_misc_feat_five, minmay_tetromino_o4, uniq_robin,
          uniq_sigmund

Action                     || total
---------------------------++-------
  Melee: Unarmed           ||     7
         Dagger            ||     2
   Cast: Sandblast         ||    11
 Armour: Robe              ||    70
  Dodge: Dodged            ||    95

Table legend: (Time is in decaauts)
 A = Elapsed time spent in this place.
 B = Non-inter-level travel time spent in this place.
 C = Inter-level travel time spent in this place.
 D = Time resting spent in this place.
 E = Time spent auto-exploring this place.
 F = Levels seen in this place.
 G = Mean time per level.
                   A        B        C        D        E       F      G
               +--------+--------+--------+--------+--------+-----+--------+
         Total |    443 |    443 |      0 |      0 |    278 |   2 |  221.5 |
       Dungeon |    443 |    443 |      0 |      0 |    278 |   2 |  221.5 |
               +--------+--------+--------+--------+--------+-----+--------+

Top non-repeatable levels by time:
     D:2: 281 daAuts
     D:1: 162 daAuts
